 Dungeon Crawl Stone Soup version 0.26.1-11-gd32895ea62 (webtiles) character file.

Game seed: 13614034701862505366

133 Urokeeper the Sneak (level 4, -1/33 HPs)
             Began as a Demonspawn Brigand on July 21, 2021.
             Slain by a gnoll
             ... wielding a +0 spear
              (2 damage)
             ... on level 3 of the Dungeon.
             The game lasted 00:36:39 (1754 turns).

Urokeeper the Sneak (Demonspawn Brigand)            Turns: 1754, Time: 00:36:39

Health: -1/33      AC:  9    Str: 12    XL:     4   Next: 94%
Magic:  4/4        EV:  9    Int: 12    God:
Gold:   96         SH:  0    Dex: 15    Spells: 3/3 levels left

rFire    . . .     SeeInvis .   a - +2 dagger
rCold    . . .     Faith    .   (no shield)
rNeg     . . .     Spirit   .   q - +0 scale mail
rPois    .         Reflect  .   (helmet restricted)
rElec    .         Harm     .   c - +0 cloak
rCorr    .         Rampage  .   (no gloves)
Will     .....                  (no boots)
Stlth    +.........             (no amulet)
HPRegen  0.11/turn              (no ring)
MPRegen  0.09/turn              (no ring)

@: hasted, very quick
A: horns 1, iridescent scales 1
a: no special abilities


You were on level 3 of the Dungeon.
You visited 1 branch of the dungeon, and saw 3 of its levels.

You collected 96 gold pieces.

Inventory:

Hand Weapons
 a - a +2 dagger (weapon)
 g - a +0 hunting sling
 h - a +0 whip
 i - a +0 short sword
 n - a +0 dagger
 o - a +0 spear
 p - a +0 spear
 B - a +0 hand axe
Missiles
 d - 8 poisoned darts
 e - 2 curare-tipped darts (quivered)
 m - 5 boomerangs of dispersal
Armour
 b - a +0 robe
 c - a +0 cloak (worn)
 j - a +0 robe
 l - a +0 leather armour
 q - a +0 scale mail (worn)
 s - a +0 ring mail
 t - a +0 plate armour
 u - a +0 helmet
 x - a +0 helmet
 F - a +0 animal skin
Jewellery
 w - an uncursed amulet of regeneration {unknown}
 z - an uncursed ring of resist corrosion {unknown}
 A - an uncursed ring of resist corrosion {unknown}
Wands
 H - a wand of enslavement (10)
Scrolls
 k - 3 scrolls of identify {unknown}
 r - a scroll of remove curse {unknown}
 y - a scroll of random uselessness {unknown}
 C - a scroll of teleportation {unknown}
Potions
 v - a potion of curing {unknown}
 D - a potion of attraction {unknown}
 E - a potion of lignification {unknown}
 G - a potion of brilliance {unknown}


   Skills:
 + Level 2.2 Fighting
 + Level 3.0 Short Blades
 + Level 2.0 Throwing
 + Level 0.6 Armour
 + Level 1.6 Dodging
 + Level 4.6 Stealth


You had 3 spell levels left.
You didn't know any spells.
Your spell library was empty.

Dungeon Overview and Level Annotations

Branches:
Dungeon (3/15)

Altars:


Innate Abilities, Weirdness & Mutations

You have a pair of small horns on your head.
You are partially covered in iridescent scales. (AC +2)


Message History

The gnoll hits you but does no damage.
You hit the gnoll but do no damage.
The gnoll is lightly wounded.
The gnoll hits you but does no damage. The gnoll barely misses you.
You closely miss the gnoll. Your headbutt misses the gnoll.
The gnoll is lightly wounded.
The gnoll hits you but does no damage.
You hit the gnoll. You headbutt the gnoll.
You kill the gnoll!
The gnoll hits you from afar with a +0 spear.
* * * LOW HITPOINT WARNING * * *
Your Short Blades skill increases to level 3!
The gnoll barely misses you.
The gnoll hits you from afar with a +0 spear.
* * * LOW HITPOINT WARNING * * *
You see here a +0 spear.
It was a potion of haste.
You feel yourself speed up. The gnoll closely misses you.
The gnoll hits you from afar with a +0 spear.
You die...

...##........ ....
..........########.###
#.................
#...^.########.###
#.....# #.... #)#####
#..## #.# #..# #.#
##.)## #@# #..... #g#
#...## #g# #...## #g#
#..... ...
..........#. ##.##
......#.###. #.#
......#.# #.# .....
#.# #.# ##### #.#


You could see 3 gnolls.

Vanquished Creatures
  An orc wizard (D:3)
  Robin (D:2)
  A gnoll (D:3)
  An adder (D:2)
  An ooze (D:1)
  3 dart slugs
  2 leopard geckos (D:1)
  3 orcs (D:3)
  3 giant cockroaches (D:1)
  6 hobgoblins
  A ball python (D:1)
  3 bats
  A frilled lizard (D:2)
  19 goblins
  8 kobolds
  6 rats
60 creatures vanquished.

Vanquished Creatures (others)
  29 plants (D:3)
29 creatures vanquished.

Grand Total: 89 creatures vanquished

Notes
Turn   | Place    | Note
-------+----------+-------------------------------------------
     0 | D:1      | Urokeeper the Demonspawn Brigand began the quest for the
                  | Orb.
     0 | D:1      | Reached XP level 1. HP: 16/16 MP: 1/1
   109 | D:1      | Reached skill level 4 in Stealth
   109 | D:1      | Gained mutation: You have a pair of small horns on your
                  | head. [demonic ancestry]
   109 | D:1      | Reached XP level 2. HP: 14/22 MP: 2/2
   124 | D:1      | Reached skill level 1 in Dodging
   341 | D:1      | Gained mutation: You are partially covered in iridescent
                  | scales. (AC +2) [demonic ancestry]
   341 | D:1      | Reached XP level 3. HP: 23/27 MP: 3/3
   945 | D:2      | Reached XP level 4. HP: 30/33 MP: 4/4
  1244 | D:2      | Noticed Robin
  1262 | D:2      | Killed Robin
  1753 | D:3      | HP: 1/33 [gnoll/+0 spear (6)]
  1754 | D:3      | Slain by a gnoll

Illustrated notes

Levels and vault maps discovered:
D:1:      tarquinn_simple_flora_water_e, layout_basic
D:2:      layout_loops_cross, uniq_robin
D:3:      layout_loops_ring, serial_bayou_lagoon_a

Skill      XL: |  1  2  3  4 |
---------------+-------------+-----
Stealth        | 4 |  4.6
Dodging        | 1 |  1.6
Short Blades   | 2 3 |  3.0
Throwing       | 2 |  2.0
Fighting       | |  2.2
Armour         | |  0.6

Action                   |  1- 3 |  4- 6 || total
-------------------------+-------+-------++-------
Melee: Dagger            |   128 |    73 ||   201
       Headbutt          |    16 |    18 ||    34
Throw: Dart              |     3 |     3 ||     6
  Use: Potion            |       |     1 ||     1
 Stab: Sleeping          |     1 |     1 ||     2
Armor: Robe              |    11 |       ||    11
       Scale mail        |    26 |    45 ||    71
Dodge: Dodged            |    41 |    26 ||    67
